 Dungeon Sprint DCSS version 0.17-a0-2007-g96ac4c4 (webtiles) character file.

629 Ordine the Imperceptible (level 7, -3/32 HPs)
             Began as a Spriggan Enchanter on Oct 9, 2015.
             Was an Initiate of Dithmenos.
             Shot with an arrow by a centaur warrior (24 damage)
             ... in the Dungeon (Sprint I: "Red Sonja").
             The game lasted 00:01:14 (114 turns).

Ordine the Imperceptible (Spriggan Enchanter)        Turns: 114, Time: 00:01:15

Health: -3/32      AC:  3    Str:  4    XL:     7   Next: 23%
Magic:  12/12      EV: 18    Int: 19    God:    Dithmenos [......]
Gold:   297        SH:  0    Dex: 16    Spells: 3 memorised, 5 levels left

rFire  . . .     SeeInvis +     a - +1 dagger
rCold  . . .     Clarity  .     b - +1 robe
rNeg   . . .     SustAt   .     (shield restricted)
rPois  .         Gourm    .     (helmet restricted)
rElec  .         Spirit   .     (no cloak)
rCorr  .         Warding  .     (gloves unavailable)
rMut   .         NoTele   +     (boots unavailable)
MR     +....                    (no amulet)
Stlth  +++++.....               (no ring)
                                (no ring)

@: very quick, somewhat resistant to hostile enchantments, quite stealthy
A: unfitting armour, see invisible, herbivore 3, speed 3, slow metabolism 2
a: Renounce Religion


You were in the Dungeon.
You worshipped Dithmenos.
Dithmenos was noncommittal.
You were not hungry.

You visited 1 branch You collected 297 gold pieces.

Inventory:

Hand Weapons
 a - a +1 dagger (weapon)
Armour
 b - a +1 robe (worn)
Scrolls
 j - a scroll of blinking
Potions
 e - a potion of curing
 f - a potion of lignification {unknown}
 g - 2 potions of haste
 h - 2 potions of magic
 i - a potion of berserk rage
Books
 c - a book of Maledictions

   Spells                             Type                      Level
   a - Corona                         Hexes                        1
   b - Ensorcelled Hibernation        Hexes/Ice                    2
   c - Confuse                        Hexes                        3
   d - Tukima's Dance                 Hexes                        3
   e - Dazzling Spray                 Conjuration/Hexes            3
Comestibles
 d - a bread ration


   Skills:
 - Level 1.1 Short Blades
 - Level 3.0 Dodging
 + Level 21.6 Stealth
 - Level 2.6 Spellcasting
 - Level 3.6 Hexes


You had 5 spell levels left.
You knew the following spells:

 Your Spells              Type           Power        Failure   Level  Hunger
a - Corona                Hex            ###....      4%          1    None
b - Ensorcelled Hibernat  Hex/Ice        #.....       14%         2    ##.....
c - Confuse               Hex            ###.....     12%         3    ###....


Dungeon Overview and Level Annotations

Branches:
Dungeon (1/1)

Altars:
Cheibriados
Dithmenos
Elyvilon
Fedhas
Gozag
Kikubaaqudgha
Makhleb
Nemelex Xobeh
Okawaru
Qazlal
Ru
Sif Muna
Trog
Vehumet
Xom
Yredelemnul
Zin
The Shining One
Jiyva

Shops:
D !


Innate Abilities, Weirdness & Mutations

You are tiny and cannot use many weapons and most armour.
You have supernaturally acute eyesight.
You are a herbivore.
You cover ground extremely quickly.
You need consume almost no food.


Message History

You see here a yak corpse.
There is an entrance to Weilyid's Distillery here.
Unknown command.
You see here a yak corpse.
There is an open door here.
There is a deep blue altar of Sif Muna here.
You open the door.
Found a hand axe. 2 centaur warriors come into view.
There is an open door here.
You enter the shallow water.
Moving in this stuff is going to be slow.
The centaur warrior shouts! x2
The centaur warrior wields a shortbow.
The centaur warrior shoots an arrow.
The arrow hits you!
You hear a splash.
The centaur warrior wields a glowing longbow.
It bursts into flame!
The centaur warrior shoots an arrow.
The arrow hits you!!
Ouch! That really hurt!
You die...

#################
.#.)'..#.)'..#__#
.'..#.)'..#..'..+
.#####'#####'#__#
.####..#...#)####§§#
.#__####..##[#§§§§c#
.#_..__##'#.§'§§@§§+
⌠#_.∩..†'...§#§≈§§c#
##_..._##_.#+##+####
#_____###+# #######


You could see 2 centaur warriors.

Vanquished Creatures
  A slime creature (D)
  Sigmund (D)
  A yak (D)
  An ogre (D)
  A jelly (D)
  Ijyb (D)
6 creatures vanquished.

Notes
Turn   | Place    | Note
--------------------------------------------------------------
     0 | D        | Ordine the Spriggan Enchanter began the quest for the Orb.
     0 | D        | Reached XP level 1. HP: 9/9 MP: 5/5
     1 | D        | Noticed Ijyb
    14 | D        | Killed Ijyb
    14 | D        | Reached skill level 10 in Stealth
    14 | D        | Reached XP level 2. HP: 13/13 MP: 6/6
    18 | D        | Learned a level 2 spell: Ensorcelled Hibernation
    21 | D        | Noticed an ogre
    24 | D        | Killed an ogre
    24 | D        | Reached skill level 13 in Stealth
    24 | D        | Reached XP level 3. HP: 16/16 MP: 8/8
    24 | D        | Reached XP level 4. HP: 21/21 MP: 9/9
    29 | D        | Learned a level 3 spell: Confuse
    40 | D        | Noticed Sigmund
    43 | D        | Killed Sigmund
    43 | D        | Reached skill level 17 in Stealth
    43 | D        | Reached XP level 5. HP: 24/24 MP: 10/10
    58 | D        | Found a snail-covered altar of Cheibriados.
    58 | D        | Found a viscous altar of Jiyva.
    58 | D        | Found a shadowy altar of Dithmenos.
    58 | D        | Found a blossoming altar of Fedhas.
    58 | D        | Noticed a slime creature
    61 | D        | Killed a slime creature
    61 | D        | Reached skill level 20 in Stealth
    61 | D        | Reached XP level 6. HP: 28/28 MP: 11/11
    64 | D        | Became a worshipper of Dithmenos the Shadowed
    69 | D        | Found a deep blue altar of Sif Muna.
    70 | D        | Noticed a jelly
    71 | D        | Found a radiant altar of Vehumet.
    76 | D        | Killed a jelly
    94 | D        | Found Weilyid's Distillery.
    94 | D        | Found a white marble altar of Elyvilon.
    94 | D        | Found a stormy altar of Qazlal.
    94 | D        | Found a burning altar of Makhleb.
    94 | D        | Found a sacrificial altar of Ru.
    94 | D        | Found a basalt altar of Yredelemnul.
    94 | D        | Found a glowing golden altar of the Shining One.
    94 | D        | Found a sparkling altar of Nemelex Xobeh.
    94 | D        | Found a shimmering altar of Xom.
    94 | D        | Found an opulent altar of Gozag.
    94 | D        | Found an ancient bone altar of Kikubaaqudgha.
    94 | D        | Found a glowing silver altar of Zin.
    94 | D        | Noticed a yak
    95 | D        | Found an iron altar of Okawaru.
    96 | D        | Killed a yak
    96 | D        | Reached skill level 21 in Stealth
    96 | D        | Reached XP level 7. HP: 32/32 MP: 12/12
    97 | D        | Found a bloodstained altar of Trog.
   111 | D        | Noticed a centaur warrior
   111 | D        | Noticed a centaur warrior
   114 | D        | Shot with an arrow by a centaur warrior

Vault maps used:
D:        dungeon_sprint_1

Action                   |  1- 3 |  4- 6 |  7- 9 || total
-------------------------+-------+-------+-------++-------
Melee: Dagger            |    11 |     4 |       ||    15
  Use: Potion            |     1 |       |       ||     1
 Stab: Sleeping          |     2 |     4 |       ||     6
